 Dungeon Crawl Stone Soup version 0.29.1-14-g9c671dbff4 (webtiles) character file.

Game seed: 16463989911934709255

214 zeram the Cudgeller (level 5, -1/33 HPs)
             Began as a Gargoyle Fighter on Feb 19, 2023.
             Slain by a gnoll
             ... wielding a +0 war axe
             ... led by a gnoll bouda
              (4 damage)
             ... on level 5 of the Dungeon.
             The game lasted 00:03:57 (2626 turns).

zeram the Cudgeller (Gargoyle Fighter)              Turns: 2626, Time: 00:03:58

Health: -1/33      AC: 11    Str: 21    XL:     5   Next: 91%
Magic:  5/5        EV:  9    Int:  9    God:
Gold:   190        SH:  4    Dex:  9    Spells: 4/4 levels left

rFire   . . .      SeeInvis .   h - +0 flail (protect)
rCold   . . .      Faith    .   c - +0 buckler
rNeg    + . .      Spirit   .   b - +0 scale mail
rPois   ∞          Reflect  .   (no helmet)
rElec   +          Harm     .   (no cloak)
rCorr   .          Rampage  .   (no gloves)
Will    .....                   (no boots)
Stlth   ..........              (no amulet)
HPRegen 0.11/turn               (no ring)
MPRegen 0.09/turn               (no ring)

@: weakened
A: sickness immunity, AC +4, negative energy resistance 1, electricity
resistance, torment resistance 1, petrification resistance
a: no special abilities


You were on level 5 of the Dungeon.
You visited 1 branch of the dungeon, and saw 5 of its levels.

You collected 190 gold pieces.

Inventory:

Hand Weapons
 a - a +0 flail
 h - a +0 flail of protection (weapon)
 r - the +3 woodcutter's axe {vorpal}
   (You found it on level 3 of the Dungeon)

   It inflicts extra damage upon your enemies.
Missiles
 n - a throwing net (quivered)
Armour
 b - a +0 scale mail (worn)
 c - a +0 buckler (worn)
Jewellery
 j - a ring of fire
 p - a ring of fire
Scrolls
 d - a scroll of magic mapping {unknown}
 e - a scroll of identify
 l - a scroll of teleportation
 o - a scroll of blinking
Potions
 g - a potion of attraction
 i - a potion of heal wounds {unknown}
 k - a potion of degeneration {unknown}
 m - a potion of lignification {unknown}
 q - a potion of magic {unknown}


   Skills:
 + Level 3.8 Fighting
 + Level 4.3 Maces & Flails
 + Level 4.2 Armour
 + Level 0.8 Dodging
 + Level 4.0 Shields


You had 4 spell levels left.
You didn't know any spells.
Your spell library contained the following spells:

 Spells                   Type           Power      Damage    Failure   Level
 Ignite Poison            Fire/Tmut/Pois 0%         N/A       99%         3
 Mephitic Cloud           Conj/Pois/Air  0%         N/A       99%         3
 Petrify                  Tmut/Erth      0%         N/A       100%        4
 Freezing Cloud           Conj/Ice/Air   0%         6-21      100%        5
 Irradiate                Conj/Tmut      0%         3d11      100%        5
 Sublimation of Blood     Necr           Unusable   N/A       N/A         2

Dungeon Overview and Level Annotations

Branches:
Dungeon (4/15)
 Temple: D:4-7

Altars:
Ru

Shops:
D:3 (


Innate Abilities, Weirdness & Mutations

You are immune to sickness and miasma.
Your stone body is resilient. (AC +4)
You are immune to poison.
You resist negative energy. (rN+)
You are resistant to electric shocks. (rElec)
You are resistant to unholy torment.
You are immune to petrification.


Message History

The gnoll bouda barely misses you. The gnoll hits you but does no damage.
You hit the gnoll bouda.
The gnoll bouda is lightly wounded.
The gnoll hits you from afar with a +1 spear of venom.
* * * LOW HITPOINT WARNING * * *
The gnoll closely misses you.
The gnoll bouda gazes fiercely through you!
You feel your attacks grow feeble.
The gnoll bouda hits you but does no damage.
The gnoll closely misses you.
You closely miss the gnoll bouda.
The gnoll bouda is lightly wounded.
The gnoll is no longer moving quickly.
The gnoll barely misses you.
The gnoll bouda barks out a call to the hunt!
The gnolls pick up the pace!
The gnoll hits you but does no damage.
You hit the gnoll bouda but do no damage.
The gnoll bouda is lightly wounded.
The gnoll is no longer moving quickly. x2
The gnoll hits you but does no damage.
The gnoll bouda hits you but does no damage.
The gnoll barely misses you.
Unknown command.
The gnoll bouda attacks as you move away!
The gnoll bouda hits you but does no damage.
The gnoll bouda barks out a call to the hunt!
The gnolls pick up the pace!
Your attacks no longer feel as feeble.
The gnoll bouda gazes fiercely through you!
You feel your attacks grow feeble.
Your attacks no longer feel as feeble.
The gnoll hits you but does no damage. The gnoll barely misses you.
The gnoll bouda gazes fiercely through you!
You feel your attacks grow feeble. The gnoll closely misses you.
The gnoll attacks as you move away! The gnoll barely misses you.
The gnoll hits you but does no damage. The gnoll hits you with a +0 war axe.
* * * LOW HITPOINT WARNING * * *
The gnoll attacks as you move away! The gnoll hits you with a +0 war axe.
You die...

.........
#.g.....# #.g....#
#.#... ######
###.##.#### ##....
#.........###...##
#g#..#g##.##.....#
#.#..#.##.##.....#
#.#..gg@.........#
#.##g#.##.###...##
#.g....##.# #####
####......#
########


You could see a gnoll bouda and 3 gnolls.

Vanquished Creatures
  A gnoll sergeant (D:3)
  A hound (D:5)
  4 gnolls
  2 adders (D:2)
  3 dart slugs
  3 orcs (D:3)
  3 bats
  5 endoplasms
  3 giant cockroaches (D:1)
  3 hobgoblins (D:1)
  2 jackals (D:1)
  4 kobolds
  2 quokkas
  4 ball pythons
  2 frilled lizards (D:1)
  8 goblins
  7 rats
57 creatures vanquished.

Notes
Turn   | Place    | Note
-------+----------+-------------------------------------------
     0 | D:1      | zeram the Gargoyle Fighter began the quest for the Orb.
     0 | D:1      | Reached XP level 1. HP: 14/14 MP: 1/1
   122 | D:1      | Reached XP level 2. HP: 16/19 MP: 2/2
   328 | D:1      | Reached XP level 3. HP: 23/23 MP: 3/3
   407 | D:1      | Found a faded altar of an unknown god.
   964 | D:2      | Reached XP level 4. HP: 25/28 MP: 4/4
  1433 | D:3      | Found a sacrificial altar of Ru.
  1541 | D:3      | Found Ketiureo's Antique Weapon Emporium.
  1839 | D:3      | Reached XP level 5. HP: 10/32 MP: 5/5
  2070 | D:3      | Found the +3 woodcutter's axe {vorpal}
  2504 | D:4      | You fall into a shaft and drop 1 floor!
  2504 | D:5      | Entered Level 5 of the Dungeon
  2626 | D:5      | Slain by a gnoll

Illustrated notes

Levels and vault maps discovered:
D:1:      dpeg_arrival_court, layout_rooms,
          shapermc_ecumenical_altar_mp_vishouse, minmay_strange_pillars,
          minmay_pentomino_o2
D:2:      layout_rooms
D:3:      layout_rooms, nicolae_overflow_hidden_temple, serial_shops,
          nicolae_square_shop, pf_guarded_unrand_woodcutter
D:4:      layout_gridville, mainiacjoe_overflow_alcove_1, uniq_grinder,
          uniq_pikel
D:5:      layout_loops_cross, minmay_temple_entry_mini_moons, uniq_duvessa

Skill      XL: |  1  2  3  4  5 |
---------------+----------------+-----
Maces & Flails | 3 4 |  4.3
Armour         | 4 |  4.2
Shields        | 4 |  4.0
Fighting       | |  3.8
Dodging        | |  0.8

Action                   |  1- 3 |  4- 6 || total
-------------------------+-------+-------++-------
Melee: Flail             |    79 |   106 ||   185
  Use: Scroll            |     2 |     6 ||     8
       Potion            |       |     2 ||     2
Armor: Scale mail        |    46 |    85 ||   131
Dodge: Dodged            |    42 |    70 ||   112
Block: Buckler           |    25 |    27 ||    52
